 Dungeon Crawl Stone Soup version 0.25-a0-420-g1cc7eeb0d1 (webtiles) character file.

Game seed: 1617929546759737051, levelgen mode: deterministic

88 ShapeOfThought the Shooter (level 4, -1/57 HPs)
             Began as a Centaur Hunter on Jan 18, 2020.
             Slain by a gnoll
             ... wielding a +0 club
              (4 damage)
             ... on level 3 of the Dungeon.
             The game lasted 00:22:46 (2575 turns).

ShapeOfThought the Shooter (Centaur Hunter)         Turns: 2575, Time: 00:22:47

Health: -1/57      AC: 22    Str: 15    XL:     4   Next: 29%
Magic:  4/4        EV:  1    Int: 10    God:
Gold:   74         SH:  0    Dex: 15    Spells: 3/3 levels left

rFire    . . .     SeeInvis .   a - +1 shortbow
rCold    . . .     Gourm    .   (shield currently unavailable)
rNeg     + + +     Faith    .   (armour currently unavailable)
rPois    +         Spirit   .   (helmet currently unavailable)
rElec    .         Reflect  .   (cloak currently unavailable)
rCorr    .         Harm     .   (gloves currently unavailable)
MR       .....     NoTele   +   (no barding)
Stlth    +++.......             (no amulet)
HPRegen  0.19/turn              (no ring)
MPRegen  0.09/turn              (no ring)

@: agile, lethally poisoned (-1 -> -2), tree-form, very slightly contaminated,
invisible
A: large
a: no special abilities


You were on level 3 of the Dungeon.
You were not hungry.
You were a tree.
You visited 1 branch of the dungeon, and saw 4 of its levels.

You collected 74 gold pieces.

Inventory:

Hand Weapons
 a - a +1 shortbow (weapon)
 b - a +0 short sword
Missiles
 d - 46 arrows (quivered)
 g - 2 javelins
Armour
 c - a +0 leather armour
 j - a +0 scale mail (melded)
Jewellery
 l - an uncursed amulet of the acrobat {unknown}
 n - an uncursed amulet of harm {unknown}
Wands
 q - a wand of paralysis (10)
Scrolls
 k - a scroll of teleportation {unknown}
 m - a scroll of enchant armour {unknown}
 o - a scroll of random uselessness {unknown}
 p - a scroll of remove curse {unknown}
Potions
 e - 3 potions of lignification
Comestibles
 f - 6 rations


   Skills:
 + Level 3.1 Fighting
 + Level 6.2 Bows
 + Level 2.2 Dodging
 - Level 0.4 Stealth


You had 3 spell levels left.
You didn't know any spells.
Your spell library was empty.

Dungeon Overview and Level Annotations

Branches:
Dungeon (4/15)
 Temple: D:4-7

Altars:
Zin

Shops:
D:4 *


Innate Abilities, Weirdness & Mutations

((You have hooves in place of feet.))
((Armour fits poorly on your strangely shaped body.))
((You cover ground very quickly.))
((You have extremely tough skin. (AC +3)))


Message History

Press: ? - help, Shift-Dir - straight line, f/p - hobgoblin
Aim: a hobgoblin You shoot an arrow.
The arrow hits the hobgoblin.
The hobgoblin is moderately wounded.
The gnoll hits you but does no damage.
The hobgoblin hits you but does no damage.
Firing (i - inventory. (/) - cycle)
d - 48 arrows (quivered)
Press: ? - help, Shift-Dir - straight line, f/p - hobgoblin
Aim: a hobgoblin (moderately wounded)
You shoot an arrow. The arrow hits the hobgoblin.
The hobgoblin is heavily wounded.
The gnoll hits you but does no damage.
The hobgoblin hits you but does no damage.
Firing (i - inventory. (/) - cycle)
d - 47 arrows (quivered)
Press: ? - help, Shift-Dir - straight line, f/p - hobgoblin
Aim: a hobgoblin (heavily wounded)
You shoot an arrow. The arrow hits the hobgoblin.
You kill the hobgoblin!
You feel sick. The gnoll hits you with a +0 club.
You die...

#... #.##
##...##..#
..........
#....... #.......
#......#
#.....#### #♣(gg#
#...(g##.%......
#....(#.###.......
..###.#.. .......
. ### (.....g ..
....... .> ...###.
... .#.g


You could see 3 gnolls.

Vanquished Creatures
  An iguana (D:4)
  2 adders (D:4)
  An ooze (D:2)
  3 leopard geckos
  4 giant cockroaches
  6 goblins
  4 hobgoblins
  2 quokkas
  A bat (D:1)
  2 frilled lizards
  7 kobolds
  4 rats (D:1)
37 creatures vanquished.

Notes
Turn   | Place    | Note
-------+----------+-------------------------------------------
     0 | D:1      | ShapeOfThought the Centaur Hunter began the quest for the
                  | Orb.
     0 | D:1      | Reached XP level 1. HP: 17/17 MP: 1/1
   660 | D:1      | Reached XP level 2. HP: 24/24 MP: 2/2
  1759 | D:2      | Found a glowing silver altar of Zin.
  1807 | D:2      | Reached XP level 3. HP: 30/30 MP: 3/3
  2192 | D:2      | You fall into a shaft and drop 2 floors!
  2274 | D:4      | Reached skill level 6 in Bows
  2412 | D:4      | Found Jamaor's General Store.
  2463 | D:4      | Reached XP level 4. HP: 28/38 MP: 4/4
  2575 | D:3      | Slain by a gnoll

Levels and vault maps discovered:
D:1:      lightli_arrival_flooded_house, layout_loops_corners
D:2:      layout_basic, old_standard_altar
D:3:      layout_rooms, nemelex_xobeh_ov_fountains_minmay,
          lemuel_zombie_altar_kikubaaqudgha, serial_bayou_pond_d, bloody_trog
D:4:      layout_cave_pools, grunt_gozag_statues, first_ration, serial_shops,
          shop, nicolae_shop_stone, nicolae_shop_waterfront, grunt_ministairs_6

Skill      XL: |  1  2  3 |
---------------+----------+-----
Dodging        | 2 |  2.2
Bows           | 6 |  6.2
Fighting       | 3 |  3.1
Stealth        | |  0.4

Action                   |  1- 3 |  4- 6 || total
-------------------------+-------+-------++-------
Melee: Short sword       |     5 |       ||     5
       Kick              |     1 |       ||     1
 Fire: Shortbow          |   125 |    22 ||   147
  Use: Potion            |       |     3 ||     3
  Eat: Chunk             |     3 |       ||     3
Armor: Leather armour    |     5 |       ||     5
       Scale mail        |    15 |     3 ||    18
       Skin              |       |    12 ||    12
Dodge: Dodged            |    20 |     6 ||    26

Table legend:
 A = Non-vault XP
 B = Vault XP
 C = Vault XP percentage of total XP
 D = Non-vault monster count
 E = Vault monster count
 F = Vault count percentage of total count
                 A         B        C        D         E       F
            +---------+---------+-------+---------+---------+-------
      Total |     126 |       0 |   0.0 |      37 |       0 |   0.0
            +---------+---------+-------+---------+---------+-------
        D:1 |      30 |       0 |   0.0 |      19 |       0 |   0.0
        D:2 |      26 |       0 |   0.0 |      11 |       0 |   0.0
        D:3 |       4 |       0 |   0.0 |       2 |       0 |   0.0
        D:4 |      66 |       0 |   0.0 |       5 |       0 |   0.0
            +---------+---------+-------+---------+---------+-------
